 Dungeon Crawl Stone Soup version 0.20.2-3-g29329e0561 (webtiles) character file.

170 Alfie the Covered (level 5, -1/46 HPs)
             Began as a Hill Orc Fighter on Dec 11, 2023.
             Slain by an ogre
             ... wielding a +0 giant spiked club
              (23 damage)
             ... on level 4 of the Dungeon.
             The game lasted 00:05:23 (2096 turns).

Alfie the Covered (Hill Orc Fighter)                Turns: 2096, Time: 00:05:24

Health: -1/46      AC:  7    Str: 25    XL:     5   Next: 50%
Magic:  5/5        EV:  8    Int:  8    God:
Gold:   104        SH: 10    Dex: 10    Spells: 4/4 levels left

rFire    . . .     SeeInvis .   a - +0 rapier
rCold    . . .     Gourm    .   c - +0 shield
rNeg     . . .     Faith    .   b - +0 scale mail
rPois    .         Spirit   .   (no helmet)
rElec    .         Reflect  .   (no cloak)
rCorr    .         Harm     .   (no gloves)
MR       .....                  (no boots)
Stlth    ..........             (no amulet)
Regen    0.2/turn               (no ring)
MPRegen  0.1/turn               (no ring)

@: mighty
A: no striking features
a: no special abilities


You were on level 4 of the Dungeon.
You were not hungry.

You visited 1 branch of the dungeon, and saw 4 of its levels.

You collected 104 gold pieces.

Inventory:

Hand Weapons
 a - a +0 rapier (weapon)
Armour
 b - a +0 scale mail (worn)
 c - a +0 shield (worn)
Scrolls
 e - 2 scrolls of magic mapping
 g - a scroll of blinking {unknown}
 j - a scroll of remove curse
 m - a scroll of enchant weapon {unknown}
 n - 2 scrolls of amnesia
 r - a scroll of fear {unknown}
 s - a scroll of teleportation {unknown}
Potions
 d - a potion of might
 h - a potion of mutation {unknown}
 i - a potion of curing {unknown}
 k - 2 potions of haste
 l - a potion of heal wounds {unknown}
 o - a potion of lignification {unknown}
Comestibles
 f - 3 bread rations
 p - a royal jelly
 q - a meat ration


   Skills:
 + Level 4.1 Fighting
 + Level 3.0 Short Blades
 + Level 4.3 Armour
 + Level 1.4 Dodging
 + Level 4.3 Shields


You had 4 spell levels left.
You didn't know any spells.

Dungeon Overview and Level Annotations

Branches:
Dungeon (4/15)
 Temple: D:4-7

Altars:
Ru
Yredelemnul


Message History

As you open the door, it creaks loudly!
You feel sick.
There is an open door here.
You feel sick.
l - a sedimented pink potion You feel sick.
An ogre comes into view. It is wielding a giant spiked club.
The ogre shouts!
Found a sacrificial altar of Ru.
You feel very mighty all of a sudden.
You feel sick.
You are no longer poisoned.
You puncture the ogre!
The ogre is moderately wounded.
The ogre hits you with a giant spiked club.
Your shield and scale mail prevent you from hitting the ogre.
The ogre is moderately wounded.
The ogre hits you with a giant spiked club!!
Ouch! That really hurt!
You die...

...####### #..# .# +#
#........######..##.##.
#........'.............
+........#.............
#........######.##..##
. #######....
##.##..###.. #.....
#...#.......
......#####........
...#.......@...#..+#
.######...O.####
..#.....# ..#..#..#
..'._#..+ .### ####


You could see an ogre.

Vanquished Creatures
  A worker ant (D:4)
  4 adders
  3 oozes
  4 worms (D:2)
  4 dart slugs
  3 leopard geckos
  8 orcs (D:3)
  3 giant cockroaches
  5 goblins
  7 hobgoblins
  6 jackals
  A quokka (D:2)
  A ball python (D:1)
  5 bats
  4 frilled lizards
  5 kobolds
  5 rats
69 creatures vanquished.

Notes
Turn   | Place    | Note
-------+----------+-------------------------------------------
     0 | D:1      | Alfie the Hill Orc Fighter began the quest for the Orb.
     0 | D:1      | Reached XP level 1. HP: 19/19 MP: 1/1
    43 | D:1      | Reached XP level 2. HP: 25/27 MP: 2/2
   225 | D:1      | Reached XP level 3. HP: 25/33 MP: 3/3
   500 | D:2      | Found a basalt altar of Yredelemnul.
   758 | D:2      | Reached XP level 4. HP: 25/40 MP: 4/4
  1231 | D:3      | Reached skill level 1 in Dodging
  1535 | D:3      | Reached XP level 5. HP: 41/46 MP: 5/5
  2091 | D:4      | Found a sacrificial altar of Ru.
  2091 | D:4      | Noticed an ogre
  2096 | D:4      | Slain by an ogre

Skill      XL: |  1  2  3  4  5 |
---------------+----------------+-----
Fighting       | 4 |  4.1
Armour         | 4 |  4.3
Shields        | 4 |  4.3
Dodging        | 1 |  1.4
Short Blades   | 3 |  3.0

Action                   |  1- 3 |  4- 6 || total
-------------------------+-------+-------++-------
Melee: Rapier            |   126 |   142 ||   268
  Use: Scroll            |     1 |     4 ||     5
       Potion            |       |     1 ||     1
  Eat: Fruit             |       |     4 ||     4
       Royal jelly       |       |     1 ||     1
Armor: Scale mail        |    40 |    51 ||    91
Dodge: Dodged            |    38 |    41 ||    79
Block: Shield            |    50 |    63 ||   113
